AAA
NEW YORK COMETS @ MONTERREY KILLER WHALES
07/12/2060
 
TOP OF THE 1ST
New York Comets batting - Pitching for Monterrey Killer Whales : RHP Tom Beard
Pitching: RHP Tom Beard
Batting: SHB Drake Stock 0-0: Ball
1-0: Foul Ball, location: 2F
1-1: Foul Ball, location: 2F
1-2: Ground out 4-3 (Groundball, 4, EV 78.8 MPH)
Batting: LHB Morgan Buga 0-0: Called Strike
0-1: Fly out, F8 (Flyball, 8LD, EV 99.4 MPH)
Batting: LHB Robert Wenstrom 0-0: Foul Ball, location: 2F
0-1: Ball
1-1: Ball
2-1: Called Strike
2-2: Ball
3-2: Foul Ball, location: 2F
3-2: Foul Ball, location: 2F
3-2: Foul Ball, location: 2F
3-2: Base on Balls
Batting: SHB Neal Constantinescu 0-0: Swinging Strike
0-1: Ball
1-1: Fly out, F7 (Flyball, 78M, EV 96.2 MPH)
Top of the 1st over - 0 runs, 0 hits, 0 errors, 1 left on base; New York 0 - Monterrey 0
BOTTOM OF THE 1ST
Monterrey Killer Whales batting - Pitching for New York Comets : RHP Ron Rogers
Pitching: RHP Ron Rogers
Batting: RHB Billy Taylor 0-0: Fly out, F8 (Flyball, 8RD, EV 87.5 MPH)
Batting: RHB John Williams 0-0: Foul Ball, location: 2F
0-1: Fly out, F8 (Flyball, 8LXD, EV 103.1 MPH)
Batting: RHB Collin Franklin 0-0: Foul Ball, location: 2F
0-1: SINGLE (Groundball, 34D, EV 95.0 MPH)
Batting: RHB Gage Haislip 0-0: SINGLE (Line Drive, 78S, EV 91.2 MPH)
Collin Franklin to second
Batting: LHB Stephen Snowbarger 0-0: Ground out 4-3 (Groundball, 4, EV 85.0 MPH)
Bottom of the 1st over - 0 runs, 2 hits, 0 errors, 2 left on base; New York 0 - Monterrey 0
TOP OF THE 2ND
New York Comets batting - Pitching for Monterrey Killer Whales : RHP Tom Beard
Batting: RHB Mason Douglass 0-0: Ball
1-0: Ball
2-0: Ball
3-0: Base on Balls
Batting: RHB Kip Clark 0-0: Foul Ball, location: 2F
0-1: Ball
1-1: Ball
2-1: Grounds into double play, 5-4-3 (Groundball, 56, EV 84.4 MPH)
Batting: LHB Abraham Kajosevic 0-0: Ball
1-0: SINGLE (Groundball, 56, EV 100.0 MPH) (infield hit)
Batting: RHB Rodell bin Rahman 0-0: Ball
1-0: Called Strike
1-1: Swinging Strike
1-2: Foul Ball, location: 2F
1-2: Foul Ball, location: 2F
1-2: Ball
2-2: Strikes out swinging
Top of the 2nd over - 0 runs, 1 hit, 0 errors, 1 left on base; New York 0 - Monterrey 0
BOTTOM OF THE 2ND
Monterrey Killer Whales batting - Pitching for New York Comets : RHP Ron Rogers
Batting: RHB Corey Douglas 0-0: Called Strike
0-1: Ground out 6-3 (Groundball, 6S, EV 81.9 MPH)
Batting: RHB Jaren Toone 0-0: Ball
1-0: Called Strike
1-1: Called Strike
1-2: Strikes out swinging
Batting: RHB Ed Gangemi 0-0: Called Strike
0-1: Swinging Strike
0-2: Strikes out swinging
Bottom of the 2nd over - 0 runs, 0 hits, 0 errors, 0 left on base; New York 0 - Monterrey 0
TOP OF THE 3RD
New York Comets batting - Pitching for Monterrey Killer Whales : RHP Tom Beard
Batting: RHB Kaleb McCoy 0-0: Called Strike
0-1: Ball
1-1: Foul Ball, location: 2F
1-2: Ball
2-2: Foul Ball, location: 2F
2-2: Ball
3-2: Base on Balls
Batting: SHB Drake Stock 0-0: Called Strike
0-1: Fly out, F8 (Line Drive, 8LD, EV 100.0 MPH)
Batting: LHB Morgan Buga 0-0: Swinging Strike
0-1: Ball
1-1: Ball
2-1: Swinging Strike
2-2: Fly out, F7 (Flyball, 78S, EV 94.4 MPH)
Batting: LHB Robert Wenstrom 0-0: Ball
1-0: Ball
2-0: Fly out, F6 (Popup, 6MS, EV 82.5 MPH)
Top of the 3rd over - 0 runs, 0 hits, 0 errors, 1 left on base; New York 0 - Monterrey 0
BOTTOM OF THE 3RD
Monterrey Killer Whales batting - Pitching for New York Comets : RHP Ron Rogers
Batting: LHB Furman Auerbach 0-0: Foul Ball, location: 2F
0-1: Ball
1-1: Foul Ball, location: 2F
1-2: Ball
2-2: Strikes out swinging
Batting: RHB Billy Taylor 0-0: Ball
1-0: Called Strike
1-1: Ball
2-1: Called Strike
2-2: Ball
3-2: Ground out 5-3 (Groundball, 56, EV 103.1 MPH)
Batting: RHB John Williams 0-0: Called Strike
0-1: Called Strike
0-2: Foul Ball, location: 2F
0-2: Foul Ball, location: 2F
0-2: Strikes out looking
Bottom of the 3rd over - 0 runs, 0 hits, 0 errors, 0 left on base; New York 0 - Monterrey 0
TOP OF THE 4TH
New York Comets batting - Pitching for Monterrey Killer Whales : RHP Tom Beard
Batting: SHB Neal Constantinescu 0-0: Ground out 5-3 (Groundball, 56, EV 78.8 MPH)
Batting: RHB Mason Douglass 0-0: Ball
1-0: Foul Ball, location: 2F
1-1: Ball
2-1: DOUBLE (Line Drive, 89XD, EV 99.4 MPH)
Batting: RHB Kip Clark 0-0: Ball
1-0: Swinging Strike
1-1: Ball
2-1: Swinging Strike
2-2: Strikes out looking
Batting: LHB Abraham Kajosevic 0-0: Ball
1-0: Ball
2-0: Ball
3-0: Foul Ball, location: 2F
3-1: Base on Balls
Batting: RHB Rodell bin Rahman 0-0: Called Strike
0-1: Ground out 3-1 (Groundball, 34S, EV 85.6 MPH)
Top of the 4th over - 0 runs, 1 hit, 0 errors, 2 left on base; New York 0 - Monterrey 0
BOTTOM OF THE 4TH
Monterrey Killer Whales batting - Pitching for New York Comets : RHP Ron Rogers
Batting: RHB Collin Franklin 0-0: Ball
1-0: Foul Ball, location: 2F
1-1: Called Strike
1-2: Ball
2-2: Ball
3-2: Fly out, F8 (Flyball, 8LM, EV 81.9 MPH)
Batting: RHB Gage Haislip 0-0: Called Strike
0-1: Called Strike
0-2: Ball
1-2: Ground out 6-3 (Groundball, 6, EV 104.4 MPH)
Batting: LHB Stephen Snowbarger 0-0: Called Strike
0-1: Called Strike
0-2: Ball
1-2: Strikes out swinging
Bottom of the 4th over - 0 runs, 0 hits, 0 errors, 0 left on base; New York 0 - Monterrey 0
TOP OF THE 5TH
New York Comets batting - Pitching for Monterrey Killer Whales : RHP Tom Beard
Batting: RHB Kaleb McCoy 0-0: Called Strike
0-1: Called Strike
0-2: Fly out, F7 (Line Drive, 78M, EV 100.6 MPH)
Batting: SHB Drake Stock 0-0: Ball
1-0: Ball
2-0: Ball
3-0: Base on Balls
Batting: LHB Morgan Buga 0-0: Called Strike
0-1: Ball
1-1: Fly out, F8 (Flyball, 8RS, EV 86.2 MPH)
Batting: LHB Robert Wenstrom 0-0: Ball
1-0: Ball
2-0: Ball
3-0: Called Strike
3-1: Foul Ball, location: 2F
3-2: Foul Ball, location: 2F
3-2: Base on Balls
Drake Stock to second
Batting: SHB Neal Constantinescu 0-0: Called Strike
0-1: Ball
1-1: Foul Ball, location: 2F
1-2: Strikes out swinging
Top of the 5th over - 0 runs, 0 hits, 0 errors, 2 left on base; New York 0 - Monterrey 0
BOTTOM OF THE 5TH
Monterrey Killer Whales batting - Pitching for New York Comets : RHP Ron Rogers
Batting: RHB Corey Douglas 0-0: Ball
1-0: Ball
2-0: Ball
3-0: Called Strike
3-1: DOUBLE (Line Drive, 8RXD, EV 103.8 MPH)
Batting: RHB Jaren Toone 0-0: SINGLE (Groundball, 34D, EV 106.2 MPH)
Corey Douglas to third
Batting: RHB Ed Gangemi 0-0: Swinging Strike
0-1: Ball
1-1: Foul Ball, location: 2F
1-2: Ball
2-2: Grounds into double play, 4-6-3 (Groundball, 4S, EV 90.6 MPH)
Corey Douglas scores
Batting: LHB Furman Auerbach 0-0: Called Strike
0-1: Ball
1-1: Fly out, F6 (Popup, 56, EV 59.4 MPH)
Bottom of the 5th over - 1 run, 2 hits, 0 errors, 0 left on base; New York 0 - Monterrey 1
TOP OF THE 6TH
New York Comets batting - Pitching for Monterrey Killer Whales : RHP Tom Beard
Batting: RHB Mason Douglass 0-0: SINGLE (Line Drive, 9S, EV 103.8 MPH)
Batting: RHB Kip Clark 0-0: Ball
1-0: Ball
2-0: Ball
3-0: Called Strike
3-1: Grounds into double play, 3-6-1 (Groundball, 34, EV 106.2 MPH)
Batting: LHB Abraham Kajosevic 0-0: Called Strike
0-1: Foul Ball, location: 2F
0-2: Ball
1-2: Fly out, F9 (Flyball, 89M, EV 89.4 MPH)
Top of the 6th over - 0 runs, 1 hit, 0 errors, 0 left on base; New York 0 - Monterrey 1
BOTTOM OF THE 6TH
Monterrey Killer Whales batting - Pitching for New York Comets : RHP Ron Rogers
Batting: RHB Billy Taylor 0-0: Called Strike
0-1: Swinging Strike
0-2: Strikes out swinging
Batting: RHB John Williams 0-0: Ball
1-0: Called Strike
1-1: Swinging Strike
1-2: Foul Ball, location: 2F
1-2: Foul Ball, location: 2F
1-2: Foul Ball, location: 2F
1-2: DOUBLE (Flyball, 8RXD, EV 86.9 MPH)
Batting: RHB Collin Franklin 0-0: Ball
1-0: Ground out 4-3 (Groundball, 4, EV 82.5 MPH)
John Williams to third
Batting: RHB Gage Haislip 0-0: Foul Ball, location: 2F
0-1: Swinging Strike
0-2: Ground out 6-3 (Groundball, 6, EV 85.6 MPH)
Bottom of the 6th over - 0 runs, 1 hit, 0 errors, 1 left on base; New York 0 - Monterrey 1
TOP OF THE 7TH
New York Comets batting - Pitching for Monterrey Killer Whales : RHP Tom Beard
Batting: RHB Rodell bin Rahman 0-0: Ball
1-0: Swinging Strike
1-1: Ball
2-1: Foul Ball, location: 2F
2-2: Foul Ball, location: 2F
2-2: Strikes out swinging
Pitching: LHP Gunnar Keel
Batting: RHB Kaleb McCoy 0-0: Ball
1-0: Called Strike
1-1: Called Strike
1-2: Strikes out swinging
Batting: SHB Drake Stock 0-0: Ball
1-0: Ball
2-0: Called Strike
2-1: Swinging Strike
2-2: Ball
3-2: Foul Ball, location: 2F
3-2: Fly out, F8 (Flyball, 89M, EV 89.4 MPH)
Top of the 7th over - 0 runs, 0 hits, 0 errors, 0 left on base; New York 0 - Monterrey 1
BOTTOM OF THE 7TH
Monterrey Killer Whales batting - Pitching for New York Comets : RHP Ron Rogers
Batting: LHB Stephen Snowbarger 0-0: Ball
1-0: Ground out 4-3 (Groundball, 4, EV 85.6 MPH)
Batting: RHB Corey Douglas 0-0: Ball
1-0: Swinging Strike
1-1: Called Strike
1-2: Ball
2-2: Strikes out swinging
Batting: RHB Jaren Toone 0-0: Called Strike
0-1: SINGLE (Groundball, 4MD, EV 95.0 MPH)
Pitching: LHP Dalton Haussler
Batting: RHB Ed Gangemi 0-0: Foul Ball, location: 2F
0-1: Foul Ball, location: 2F
0-2: Fly out, F8 (Flyball, 8RD, EV 102.5 MPH)
Bottom of the 7th over - 0 runs, 1 hit, 0 errors, 1 left on base; New York 0 - Monterrey 1
TOP OF THE 8TH
New York Comets batting - Pitching for Monterrey Killer Whales : LHP Gunnar Keel
Batting: LHB Morgan Buga 0-0: Swinging Strike
0-1: Ball
1-1: Foul Ball, location: 2F
1-2: Strikes out swinging
Batting: LHB Robert Wenstrom 0-0: Ground out 6-3 (Groundball, 6MS, EV 70.6 MPH)
Batting: SHB Neal Constantinescu 0-0: Called Strike
0-1: Ball
1-1: Ball
2-1: Ball
3-1: Base on Balls
Batting: RHB Mason Douglass 0-0: Ball
1-0: Called Strike
1-1: Ball
2-1: Foul Ball, location: 2F
2-2: Fly out, F3 (Popup, 3SF, EV 78.1 MPH)
Top of the 8th over - 0 runs, 0 hits, 0 errors, 1 left on base; New York 0 - Monterrey 1
BOTTOM OF THE 8TH
Monterrey Killer Whales batting - Pitching for New York Comets : LHP Dalton Haussler
Batting: LHB Furman Auerbach 0-0: Called Strike
0-1: Ball
1-1: Ball
2-1: Ground out 4-3 (Groundball, 4, EV 83.1 MPH)
Batting: RHB Billy Taylor 0-0: Called Strike
0-1: Foul Ball, location: 2F
0-2: Strikes out swinging
Batting: RHB John Williams 0-0: Ball
1-0: Called Strike
1-1: Called Strike
1-2: Strikes out looking
Bottom of the 8th over - 0 runs, 0 hits, 0 errors, 0 left on base; New York 0 - Monterrey 1
TOP OF THE 9TH
New York Comets batting - Pitching for Monterrey Killer Whales : LHP Gunnar Keel
Pitching: RHP David Warner
Batting: RHB Kip Clark 0-0: Ball
1-0: Ball
2-0: Ball
3-0: Base on Balls
Batting: LHB Abraham Kajosevic 0-0: Ball
1-0: Sac Bunt to 2R - play at second, runner OUT! 2-6
Pinch Hitting: LHB Dalton Pappalardo 0-0: Foul Ball, location: 2F
0-1: Swinging Strike
0-2: Ball
1-2: Strikes out swinging
Batting: RHB Kaleb McCoy 0-0: Foul Ball, location: 2F
0-1: Fielders Choice at 2nd, 5-4 (Groundball, 5L, EV 102.5 MPH)
Top of the 9th over - 0 runs, 0 hits, 0 errors, 1 left on base; New York 0 - Monterrey 1
Friday, May 17th , 2024 - OOTP Baseball 23.10 Build 110